 Dungeon Crawl Stone Soup version 0.18.1-48-g4cf74bf (webtiles) character file.

68 Peloso the Covered (level 4, 0/40 HPs)
             Began as a Minotaur Fighter on July 3, 2016.
             Slain by a gnoll
             ... wielding a +0 halberd
              (1 damage)
             ... on level 2 of the Dungeon.
             The game lasted 00:02:04 (947 turns).

Peloso the Covered (Minotaur Fighter)                Turns: 947, Time: 00:02:04

Health: 0/40       AC:  7    Str: 21    XL:     4   Next: 1%
Magic:  3/3        EV:  5    Int:  5    God:
Gold:   22         SH:  9    Dex: 10    Spells: 0 memorised, 3 levels left

rFire  . . .     SeeInvis .     a - +0 long sword
rCold  . . .     Gourm    .     b - +0 scale mail
rNeg   . . .     Faith    .     c - +0 shield
rPois  .         Spirit   .     (helmet restricted)
rElec  .         Dismiss  .     (no cloak)
rCorr  .         Reflect  .     (no gloves)
SustAt .         Harm     .     (no boots)
MR     .....                    (no amulet)
Stlth  ..........               (no ring)
                                (no ring)

@: constricted, not resistant to hostile enchantments, extremely unstealthy
A: retaliatory headbutt, horns 2
a: no special abilities


You were on level 2 of the Dungeon.
You were not hungry.

You visited 1 branch of the dungeon, and saw 2 of its levels.

You collected 22 gold pieces.

Inventory:

Hand Weapons
 a - a +0 long sword (weapon)
 e - a cursed +0 hand axe
 h - a +2 dagger of venom
Armour
 b - a +0 scale mail (worn)
 c - a +0 shield (worn)
Scrolls
 g - 6 scrolls of identify {unknown}
 j - a scroll of recharging {unknown}
 l - a scroll of remove curse {unknown}
 o - a scroll of teleportation {unknown}
Potions
 d - a potion of might
 n - a potion of agility {unknown}
Comestibles
 f - 2 bread rations
 i - 2 meat rations
 k - a beef jerky
 m - a chunk of flesh


   Skills:
 + Level 3.9 Fighting
 + Level 3.2 Long Blades
 + Level 4.3 Armour
 + Level 1.3 Dodging
 + Level 4.2 Shields


You had 3 spell levels left.
You didn't know any spells.

Dungeon Overview and Level Annotations

Branches:
Dungeon (2/15)

Altars:
Elyvilon


Innate Abilities, Weirdness & Mutations

You reflexively headbutt those who attack you in melee.
You have a pair of horns on your head.


Message History

The giant gecko bites you but does no damage.
The ball python bites you but does no damage.
The ball python closely misses you. The gnoll closely misses you.
You hit the gnoll but do no damage. You block the giant gecko's attack.
The ball python closely misses you. You block the ball python's attack.
The gnoll hits you with a flail. The gnoll hits you with a halberd!
The giant gecko bites you.
* * * LOW HITPOINT WARNING * * *
You hit the gnoll.
The gnoll is moderately wounded.
You block the ball python's attack. The ball python grabs you.
* * * LOW HITPOINT WARNING * * *
The ball python constricts you. The gnoll hits you with a flail.
* * * LOW HITPOINT WARNING * * *
The ball python bites you but does no damage.
* * * LOW HITPOINT WARNING * * *
The ball python constricts you. The giant gecko bites you.
* * * LOW HITPOINT WARNING * * *
The gnoll hits you with a halberd.
You die...

.........##..#..........#
.......##....##≈..♣..≈#.#
..........#.###≈≈...≈≈#†#
.......####.# ###...###.#
.......# #.# #...###..#
####.#.. ..# #..####.##
#.#.. #.# #.......# ....
.#.####.......#
......g@l.....#
......gS......#
#.............#
........#.....#
..###.....##### .
..####!. ##. ##.. .. ...


You could see 2 gnolls, a giant gecko and a ball python.

Vanquished Creatures
  2 adders (D:2)
  A gnoll (D:2)
  3 worms (D:2)
  A dart slug (D:1)
  A giant gecko (D:2)
  7 bats (D:1)
  A giant cockroach (D:1)
  4 hobgoblins (D:1)
  4 goblins (D:1)
  5 kobolds
  2 rats (D:1)
31 creatures vanquished.

Notes
Turn   | Place    | Note
--------------------------------------------------------------
     0 | D:1      | Peloso the Minotaur Fighter began the quest for the Orb.
     0 | D:1      | Reached XP level 1. HP: 19/19 MP: 0/0
   148 | D:1      | Reached XP level 2. HP: 27/27 MP: 1/1
   645 | D:2      | Reached XP level 3. HP: 32/33 MP: 2/2
   728 | D:2      | Found a white marble altar of Elyvilon.
   734 | D:2      | Reached skill level 1 in Dodging
   942 | D:2      | Reached XP level 4. HP: 35/40 MP: 3/3
   947 | D:2      | HP: 1/40 [giant gecko (4)]
   947 | D:2      | Slain by a gnoll

Skill      XL: |  1  2  3 |
---------------+----------+-----
Armour         | 4 |  4.3
Shields        | 4 |  4.2
Long Blades    | 3 |  3.2
Dodging        | 1 |  1.3
Fighting       | |  3.9

Action                   |  1- 3 |  4- 6 || total
-------------------------+-------+-------++-------
Melee: Long sword        |    70 |     3 ||    73
       Headbutt          |     8 |       ||     8
Armor: Scale mail        |    38 |     3 ||    41
Dodge: Dodged            |    23 |     4 ||    27
Block: Shield            |    39 |    11 ||    50
